 Dungeon Crawl Stone Soup version 0.20-a0-647-gf178af5 (console) character file.

49 nht the Chopper (level 4, 0/35 HPs)
             Began as a Formicid Fighter on Feb 15, 2017.
             Was an Initiate of Okawaru.
             Slain by a gnoll
             ... wielding a +0 spear
              (3 damage)
             ... on level 2 of the Dungeon.
             The game lasted 00:01:33 (1336 turns).

nht the Chopper (Formicid Fighter)                  Turns: 1336, Time: 00:01:36

Health: 0/35       AC:  6    Str: 26    XL:     4   Next: 1%
Magic:  4/4        EV:  8    Int:  8    God:    Okawaru [......]
Gold:   58         SH: 10    Dex: 10    Spells: 3/3 levels left

rFire    . . .     SeeInvis +   a - +0 war axe
rCold    . . .     Gourm    .   b - +0 scale mail
rNeg     . . .     Faith    .   c - +0 shield
rPois    .         Spirit   .   (helmet unavailable)
rElec    .         Reflect  .   (no cloak)
rCorr    .         Harm     .   (no gloves)
MR       .....                  (no boots)
Stlth    ..........             (no amulet)
Regen    0.2/turn               (no ring)
MPRegen  0.1/turn               (no ring)

@: mighty
A: permanent stasis, dig shafts and tunnels, four strong arms, antennae 3
a: Dig, Shaft Self, Renounce Religion


You were on level 2 of the Dungeon.
You worshipped Okawaru.
Okawaru was noncommittal.
You were not hungry.

You visited 1 branch of the dungeon, and saw 2 of its levels.

You collected 58 gold pieces.

Inventory:

Hand Weapons
 a - a +0 war axe (weapon)
Missiles
 i - 17 bolts
Armour
 b - a +0 scale mail (worn)
 c - a +0 shield (worn)
Scrolls
 e - a scroll of enchant armour {unknown}
 j - a scroll of identify {unknown}
 k - a scroll of magic mapping {unknown}
 m - a scroll of recharging {unknown}
 n - a scroll of enchant weapon {unknown}
Potions
 d - a potion of might
 g - a potion of cancellation {unknown}
 l - a potion of haste {unknown}
 o - a potion of agility {unknown}
 p - a potion of degeneration {unknown}
Comestibles
 f - a bread ration
 h - 2 chunks of flesh


   Skills:
 - Level 3.2 Fighting
 + Level 4.0 Axes
 - Level 3.2 Armour
 - Level 3.6 Shields


You had 3 spell levels left.
You didn't know any spells.

Dungeon Overview and Level Annotations

Branches:
Dungeon (2/15)

Altars:
Cheibriados
Okawaru


Innate Abilities, Weirdness & Mutations

You cannot be hasted, slowed, berserked, paralysed or teleported.
You can dig through walls and to a lower floor.
Your four strong arms can wield two-handed weapons with a shield.
You have a pair of large antennae on your head. (SInv)


Message History

You barely miss the gnoll.
The bat moves out of view.
The gnoll hits you.
The gnoll hits you from afar with a spear.
You block the gnoll's attack.
You aren't carrying any items that you can evoke.
You feel very mighty all of a sudden. You block the gnoll's attack.
The gnoll hits you.
You closely miss the gnoll. The gnoll barely misses you. The gnoll hits you.
You block the gnoll's attack.
You slash the gnoll!
The gnoll is heavily wounded.
The gnoll hits you.
* * * LOW HITPOINT WARNING * * *
You block the gnoll's attack.
You hit the gnoll but do no damage.
The gnoll is heavily wounded.
The gnoll hits you.
* * * LOW HITPOINT WARNING * * *
You block the gnoll's attack. The gnoll barely misses you.
The gnoll hits you from afar with a spear.
You die...

█.██.......█ █.█
█.....█.██.█ █(█
████.....█.████ █.█
.........█.██.██ █.█
█████....█.█.█.███.████
█.......███.......█
█......█.█.█.████.█
████.████.██.█ .. █.█


████@█ ██ ██.██ █.g....█ █...█ ███g████ █ █...██████ ?█ █ █........< █ █
█████...█████. ███...........█ { ............... ███...........█ You could see 2
gnolls.

Vanquished Creatures
  2 adders (D:2)
  A worm (D:2)
  2 dart slugs (D:1)
  2 leopard geckos (D:1)
  A bat (D:1)
  2 giant cockroaches
  2 goblins
  2 hobgoblins
  2 kobolds (D:1)
  A frilled lizard (D:1)
  5 rats (D:1)
  A bush (D:1)
23 creatures vanquished.

Notes
Turn   | Place    | Note
-------+----------+-------------------------------------------
     0 | D:1      | nht the Formicid Fighter began the quest for the Orb.
     0 | D:1      | Reached XP level 1. HP: 18/18 MP: 1/1
    80 | D:1      | Found a snail-covered altar of Cheibriados.
   158 | D:1      | Reached XP level 2. HP: 24/24 MP: 2/2
   269 | D:1      | Reached skill level 3 in Axes
   663 | D:1      | Reached XP level 3. HP: 21/29 MP: 3/3
  1047 | D:2      | Found an iron altar of Okawaru.
  1060 | D:2      | Became a worshipper of Warmaster Okawaru
  1184 | D:2      | Reached skill level 4 in Axes
  1184 | D:2      | Reached XP level 4. HP: 24/35 MP: 4/4
  1336 | D:2      | Slain by a gnoll

Vault maps used:
D:1:      saegor_arrival_simple_b, serial_forest,
          infiniplex_forest_lined_room_2, infiniplex_forest_lined_ring,
          infiniplex_forest_corner_2, infiniplex_forest_join,
          infiniplex_forest_straight_2, infiniplex_forest_lined_room_,
          kennysheep_flooded_box
D:2:      serial_bayou_pond_a, okawaru_ov_weapons_minmay

Skill      XL: |  1  2  3 |
---------------+----------+-----
Axes           | 3 4 |  4.0
Fighting       | |  3.2
Armour         | |  3.2
Shields        | |  3.6

Action                   |  1- 3 |  4- 6 || total
-------------------------+-------+-------++-------
Melee: War axe           |   135 |     6 ||   141
  Use: Scroll            |     3 |       ||     3
       Potion            |       |     1 ||     1
  Eat: Chunk             |     1 |     1 ||     2
Armor: Scale mail        |    34 |     1 ||    35
Dodge: Dodged            |    25 |     3 ||    28
Block: Shield            |    32 |     5 ||    37
